 Dungeon Crawl Stone Soup version 0.23.2-33-g5129a83184 (webtiles) character file.

Game seed: 16430391979955169350

114 funkygono the Shield-Bearer (level 5, -2/42 HPs)
             Began as a Formicid Fighter on July 2, 2019.
             Killed by nerve-wracking pain
             ... invoked by a shadow imp
             ... summoned by Natasha
              (6 damage)
             ... on level 2 of the Dungeon.
             The game lasted 00:03:47 (1622 turns).

funkygono the Shield-Bearer (Formicid Fighter)      Turns: 1622, Time: 00:03:48

Health: -2/42      AC:  7    Str: 26    XL:     5   Next: 19%
Magic:  5/5        EV:  8    Int:  8    God:
Gold:   105        SH: 11    Dex: 10    Spells: 4/4 levels left

rFire    + . .     SeeInvis +   a - +1 flail
rCold    . . .     Gourm    .   c - +1 shield
rNeg     . . .     Faith    .   b - +0 scale mail
rPois    .         Spirit   .   (helmet unavailable)
rElec    .         Reflect  .   (no cloak)
rCorr    .         Harm     .   (no gloves)
MR       .....                  (no boots)
Stlth    ..........             (no amulet)
HPRegen  0.14/turn              k - ring of protection from fire
MPRegen  0.09/turn              (no ring)

@: mighty
A: permanent stasis, dig shafts and tunnels, four strong arms, antennae 3
a: Dig, Shaft Self


You were on level 2 of the Dungeon.
You were hungry.

You visited 1 branch of the dungeon, and saw 2 of its levels.

You collected 105 gold pieces.

Inventory:

Hand Weapons
 a - a +1 flail (weapon)
 j - a +0 hunting sling
Missiles
 e - 99 stones (quivered)
Armour
 b - a +0 scale mail (worn)
 c - a +1 shield (worn)
Jewellery
 k - a ring of protection from fire (left hand)
Scrolls
 m - a scroll of remove curse {unknown}
Potions
 h - a potion of cancellation
 i - a potion of heal wounds {unknown}
 l - a potion of curing {unknown}
 n - a potion of flight {unknown}
Comestibles
 f - 3 rations


   Skills:
 + Level 4.0 Fighting
 + Level 3.4 Maces & Flails
 + Level 3.9 Armour
 + Level 0.5 Dodging
 + Level 4.3 Shields


You had 4 spell levels left.
You didn't know any spells.
Your spell library was empty.

Dungeon Overview and Level Annotations

Branches:
Dungeon (2/15)

Altars:

Annotations:
D:2 Natasha


Innate Abilities, Weirdness & Mutations

You cannot be hasted, slowed, berserked, paralysed or teleported.
You can dig through walls and to a lower floor.
Your four strong arms can wield two-handed weapons with a shield.
You have a pair of large antennae on your head. (SInv)


Message History

You block Natasha's attack.
The shadow imp hits you but does no damage.
Natasha mumbles some strange words.
You closely miss Natasha.
Natasha is severely wounded.
The shadow imp hits you.
* * * LOW HITPOINT WARNING * * *
Natasha claws you.
* * * LOW HITPOINT WARNING * * *
You closely miss Natasha.
Natasha is severely wounded.
The shadow imp barely misses you.
Natasha casts a spell.
The shadow imp hits you.
* * * LOW HITPOINT WARNING * * *
Your scale mail prevents you from hitting Natasha.
Natasha is severely wounded.
The shadow imp gestures at you. Pain shoots through your body!
You die...

#.........# #....#
#.........########....##
#.......................
#.........######........
######........##........
#........##........
#........##........
#........#########.
#5@......##.....##.
#55h.....##.....##.
#........##........
#........##......##
#........##......#
#####.#####......##
#.###.#####........
#.##............##.
#........###.####..


You could see Natasha, a white imp and 2 shadow imps.

Vanquished Creatures
  Natasha (D:2)
  3 gnolls (D:2)
  2 adders (D:2)
  4 dart slugs
  A giant cockroach (D:2)
  2 goblins
  4 hobgoblins
  6 kobolds
  2 quokkas (D:2)
  2 ball pythons (D:2)
  3 bats
  3 frilled lizards
  5 rats
38 creatures vanquished.

Notes
Turn   | Place    | Note
-------+----------+-------------------------------------------
     0 | D:1      | funkygono the Formicid Fighter began the quest for the Orb.
     0 | D:1      | Reached XP level 1. HP: 18/18 MP: 1/1
   111 | D:1      | Reached XP level 2. HP: 24/24 MP: 2/2
   497 | D:2      | Reached XP level 3. HP: 25/30 MP: 3/3
   886 | D:2      | Reached XP level 4. HP: 35/37 MP: 4/4
   957 | D:2      | Noticed Natasha
   969 | D:2      | Killed Natasha
  1164 | D:2      | Reached XP level 5. HP: 38/42 MP: 5/5
  1602 | D:2      | Noticed Natasha
  1622 | D:2      | Killed from afar by a shadow imp

Skill      XL: |  1  2  3  4 |
---------------+-------------+-----
Shields        | 4 |  4.3
Fighting       | 4 |  4.0
Maces & Flails | 3 |  3.4
Armour         | |  3.9
Dodging        | |  0.5

Action                   |  1- 3 |  4- 6 || total
-------------------------+-------+-------++-------
Melee: Flail             |    89 |    53 ||   142
  Use: Scroll            |     4 |       ||     4
       Potion            |       |     1 ||     1
  Eat: Chunk             |       |     2 ||     2
Armor: Scale mail        |    36 |    13 ||    49
Dodge: Dodged            |    24 |    21 ||    45
Block: Shield            |    44 |    26 ||    70
